 Dungeon Crawl Stone Soup version 0.25-a0-949-gdd2af9e06e (webtiles) character file.

Game seed: 3787374528185829943, levelgen mode: deterministic

118356 HoaS the Brawler (level 16, 0/118 HPs)
             Began as a Gargoyle Berserker on May 8, 2020.
             Was the Champion of Trog.
             Slain by an alligator (21 damage)
             ... called by a spriggan druid
             ... on level 2 of the Swamp.
             The game lasted 01:17:16 (29443 turns).

HoaS the Brawler (Gargoyle Berserker)              Turns: 29443, Time: 01:17:17

Health: 0/118      AC: 45    Str: 35    XL:     16   Next: 76%
Magic:  16/16      EV:  8    Int: 10    God:    Trog [******]
Gold:   1886       SH:  0    Dex: 11    Spells: 15/15 levels left

rFire    + . .     SeeInvis +     - Unarmed
rCold    . . .     Gourm    .   (no shield)
rNeg     + + +     Faith    .   A - +15 plate armour of Fedhas's Approval {+Fly rN+++ SInv Stlth-}
rPois    ∞         Spirit   .   H - +0 helmet
rElec    +         Reflect  .   (no cloak)
rCorr    .         Harm     .   e - +2 pair of gloves
MR       +++..                  F - +2 pair of boots
Stlth    ..........             R - amulet "Ungow" {rPois rF+ Regen+ Str+4}
HPRegen  1.69/turn              E - +3 ring of strength
MPRegen  0.15/turn              N - +4 ring of strength

@: about to teleport, flying, regenerating
A: big wings, negative energy resistance 1, electricity resistance, unbreathing,
petrification resistance, rot immunity, AC +12
a: Stop Flying, Berserk, Trog's Hand, Brothers in Arms, Renounce Religion


You were on level 2 of the Swamp.
You worshipped Trog.
Trog was exalted by your worship.
You were not hungry.

You visited 4 branches of the dungeon, and saw 25 of its levels.

You collected 2821 gold pieces.
You spent 935 gold pieces at shops.

Inventory:

Missiles
 h - 122 poisoned darts (quivered)
 q - 8 curare-tipped darts
 B - 4 datura-tipped darts
 K - 7 atropa-tipped darts
Armour
 e - a +2 pair of gloves (worn)
 A - the +15 plate armour of Fedhas's Approval (worn) {+Fly rN+++ SInv Stlth-}
   (You found it on level 13 of the Dungeon)

   It renders you almost immune to negative energy.
   It lets you see invisible.
   It lets you fly.
   It makes you less stealthy.
 F - a +2 pair of boots (worn)
 H - a +0 helmet (worn)
Jewellery
 c - an uncursed ring of resist corrosion
 E - a +3 ring of strength (left hand)
 N - a +4 ring of strength (right hand)
 O - an uncursed ring of protection from fire
 R - the amulet "Ungow" (around neck) {rPois rF+ Regen+ Str+4}
   (You bought it in a shop on level 2 of the Orcish Mines)

   [amulet of regeneration]

   It affects your strength (+4).
   It protects you from fire.
   It protects you from poison.
   It increases your rate of regeneration.
Wands
 k - a wand of clouds (6)
 w - a wand of polymorph (8)
 y - a wand of acid (61)
 D - a wand of flame (23)
 G - a wand of enslavement (25)
 M - a wand of paralysis (18)
 P - a wand of random effects (61)
 T - a wand of scattershot (6)
Scrolls
 g - 2 scrolls of identify
 i - 2 scrolls of fear
 j - 2 scrolls of immolation
 l - 11 scrolls of remove curse
 n - 12 scrolls of teleportation
 p - a scroll of enchant armour
 s - 3 scrolls of fog
 u - a scroll of magic mapping
 I - 4 scrolls of blinking
 J - 2 scrolls of holy word
Potions
 a - 4 potions of mutation
 d - 9 potions of curing
 f - a potion of berserk rage
 m - a potion of magic
 r - a potion of cancellation
 t - 4 potions of might
 v - 5 potions of stabbing
 x - 4 potions of lignification
 z - 6 potions of haste
 C - 3 potions of ambrosia
 Q - 2 potions of invisibility
 S - a potion of resistance
Comestibles
 b - 35 rations
 L - 7 chunks of flesh


   Skills:
 + Level 19.7 Fighting
 - Level 2.1 Armour
 - Level 1.5 Dodging
 * Level 20.8 Unarmed Combat


You had 15 spell levels left.
You didn't know any spells.
Your spell library was empty.

Dungeon Overview and Level Annotations

Branches:
Dungeon (15/15)            Temple (0/1) D:5            Lair (6/6) D:8
  Swamp (2/4) Lair:4       Spider (0/4) Lair:4        Slime (0/5) Lair:5
    Orc (2/2) D:12            Elf (0/3) Orc:2        Vaults (0/5) D:13
 Depths (0/5) D:15

Altars:
Ashenzari
Cheibriados
Dithmenos
Elyvilon
Kikubaaqudgha
Makhleb
Nemelex Xobeh
Okawaru
Ru
Vehumet
Wu Jian
Xom
Yredelemnul
The Shining One
Beogh

Shops:
Orc:2 !(:*


Innate Abilities, Weirdness & Mutations

You are resistant to torment.
Your stone body is resilient. (AC +12)
You are immune to poison.
Your large and strong wings let you fly indefinitely.
You resist negative energy. (rN+)
You are resistant to electric shocks. (rElec)
You can survive without breathing.
You are immune to petrification.
You are immune to rotting.


Message History

The lightning grounds out.
The alligator is struck by an arc of lightning! x2
You resist.
You are struck by an arc of lightning.
The tyrant leech is struck by an arc of lightning.
The lightning grounds out.
The alligator is struck by an arc of lightning!
You resist.
You are struck by an arc of lightning.
The tyrant leech is struck by an arc of lightning.
You resist.
You are struck by an arc of lightning.
The lightning grounds out.
The tyrant leech bites you but does no damage.
The alligator bites you!
The alligator tail-slaps you but does no damage.
The alligator bites you!
* * * LOW HITPOINT WARNING * * *
The alligator tail-slaps you but does no damage.
The insubstantial wisp blinks!
As you read the scroll of teleportation, it crumbles to dust.
You feel strangely unstable.
The insubstantial wisp blinks!
The alligator bites you!!
You die...

..≈≈≈.≈ .≈≈≈..
♣♣♣≈≈≈. ♣≈♣≈.>♣♣♣
♣♣..v..♣≈♣♣
♣♣...§≈....♣♣
...♣♣♣♣...w§≈≈.§..§
≈≈....§..Fv@≈.≈≈§≈.
≈≈.≈≈≈≈..)tt§≈v≈≈v♣
≈≈...≈≈..†.≈≈≈≈≈≈.♣
......≈≈≈.≈≈≈≈≈≈.♣
♣%...≈≈≈≈≈≈≈≈≈.♣♣
♣≈≈♣.≈≈≈./≈≈≈$.♣♣
♣♣♣♣.†.)§≈.....≈♣♣
♣...≈§.♣♣♣♣♣♣.....
♣.≈..≈..♣♣♣♣♣≈..§§


You could see 2 alligators, a tyrant leech, a spiny frog and 3 insubstantial
wisps.

Vanquished Creatures
  Nikola (Swamp:2)
  A thorn hunter (Swamp:1)
  Kirke (Swamp:2)
  Agnes (D:14)
  Roxanne (D:14)
  The ghost of jt the Severer, a journeyman DgFi (Orc:2)
  Azrael (D:12)
  The ghost of Flugslaktarn the Pandemonic, a journeyman DDFi of Makhleb (D:12)
  A minotaur (Orc:2)
  An ettin (D:13)
  The ghost of Vygymeh the Thaumaturge, a journeyman DECj of Vehumet (Lair:4)
  A merfolk javelineer (Orc:2)
  An ogre mage (D:15)
  11 hydras
  8 centaur warriors
  A naga warrior (Orc:2)
  5 ghost crabs (Swamp:1)
  2 catoblepae
  The ghost of Ziuclaem the Covert, a journeyman OpAs of Fedhas (Lair:1)
  7 alligators
  5 two-headed ogres
  3 tengu warriors
  A deep troll shaman (Lair:6)
  Urug (D:12)
  4 death yaks (Lair:6)
  A hell knight (D:15)
  3 spriggan druids
  An unseen horror (D:13)
  A glowing orange brain (Swamp:1)
  4 skeletal warriors (D:12)
  A swamp dragon (Swamp:1)
  Pikel (D:4)
  3 deep elf magi
  An orc knight (D:15)
  3 cyclopes
  A lindwurm (Lair:6)
  5 ugly things
  A wolf spider (D:12)
  A manticore (D:14)
  A moth of wrath (D:12)
  14 elephants
  4 apocalypse crabs (Swamp:1)
  3 black mambas
  Maggie (Lair:1)
  A black mamba (shapeshifter) (D:15)
  13 spiny frogs
  An efreet (D:13)
  3 gargoyles
  2 kobold demonologists (D:12)
  9 komodo dragons
  2 rime drakes
  A komodo dragon (shapeshifter) (D:15)
  2 freezing wraiths (D:15)
  2 tengu conjurers
  A redback zombie (D:15)
  3 trolls
  3 hornets
  6 tyrant leeches (Swamp:1)
  24 slime creatures
  8 blink frogs (Swamp:2)
  4 bog bodies
  2 dream sheep (Lair:5)
  9 hippogriffs
  A meliai zombie (D:14)
  2 centaur simulacra (D:14)
  A shadow (Swamp:1)
  A spriggan (shapeshifter) (D:15)
  6 spriggans
  A wraith (D:15)
  A wyvern (Lair:5)
  A fire elemental (D:12)
  A vampire (D:14)
  A tarantella (Lair:4)
  A yak (shapeshifter) (D:13)
  37 yaks
  3 hogs (Swamp:2)
  2 hungry ghosts
  15 vampire mosquitoes
  6 basilisks
  Edmund (D:5)
  A naga (shapeshifter) (D:14)
  2 soldier ants (D:12)
  3 swamp worms (Swamp:1)
  5 insubstantial wisps
  7 wargs
  6 water moccasins
  2 slaves (D:4)
  4 hell hounds (D:12)
  8 porcupines
  5 swamp drakes
  2 black bears
  43 orc warriors
  3 sky beasts
  2 ice beasts
  12 ogres
  2 necrophages
  22 centaurs
  14 wolves
  16 crocodiles
  The ghost of emiel the Firebug, an amateur DsFE (D:3)
  2 big kobolds
  Blork the orc (D:6)
  25 bullfrogs
  A gnoll sergeant (D:12)
  A water moccasin skeleton (D:6)
  6 scorpions
  4 killer bees (D:9)
  2 electric eels (D:8)
  5 howler monkeys
  6 crimson imps
  3 centaur zombies
  5 hounds
  4 bullfrog zombies
  6 jellies
  19 orc wizards
  2 centaur skeletons
  14 orc priests
  4 bullfrog skeletons
  3 iguanas
  7 worker ants
  A hound skeleton (D:5)
  4 gnolls (D:12)
  A howler monkey skeleton (D:10)
  12 adders
  3 shadow imps
  3 white imps (D:8)
  2 oozes (D:2)
  An adder skeleton (D:9)
  6 worms
  2 dart slugs
  An adder simulacrum (D:8)
  6 leopard geckos
  78 orcs
  6 bats
  3 giant cockroaches
  9 goblins
  6 hobgoblins
  2 jackals (D:3)
  4 quokkas
  A ball python (D:2)
  A frilled lizard (D:5)
  2 giant cockroach zombies
  16 kobolds
  A quokka skeleton (D:3)
  7 rats
  2 briar patches (Swamp:2)
749 creatures vanquished.

Vanquished Creatures (collateral kills)
  A harpy (D:12)
  A moth of wrath (D:12)
  A komodo dragon (D:12)
  2 yaks (D:14)
  A soldier ant (D:12)
6 creatures vanquished.

Vanquished Creatures (others)
  A spriggan (Swamp:2)
  A centaur (Orc:2)
  A scorpion (D:14)
  An orc wizard (D:13)
  A hound skeleton (D:4)
  A gnoll (D:12)
  2 orcs (Orc:2)
  5 briar patches (Swamp:2)
  3 bushes (Lair:5)
  6 fungi
  10 plants
32 creatures vanquished.

Grand Total: 787 creatures vanquished

Notes
Turn   | Place    | Note
-------+----------+-------------------------------------------
     0 | D:1      | HoaS the Gargoyle Berserker began the quest for the Orb.
     0 | D:1      | Reached XP level 1. HP: 14/14 MP: 1/1
   152 | D:1      | Reached XP level 2. HP: 14/19 MP: 2/2
   683 | D:2      | Reached XP level 3. HP: 24/24 MP: 3/3
   708 | D:2      | Reached ** piety under Trog
   840 | D:2      | Reached skill level 4 in Unarmed Combat
   890 | D:2      | You fall into a shaft and drop 1 floor!
  1118 | D:3      | Reached XP level 4. HP: 27/29 MP: 4/4
  1131 | D:3      | Found a basalt altar of Yredelemnul.
  1348 | D:2      | Found an ancient bone altar of Kikubaaqudgha.
  1708 | D:3      | Found a runed translucent gate.
  1708 | D:3      | Found a runed translucent gate.
  1708 | D:3      | Found a runed translucent gate.
  1709 | D:3      | Noticed emiel's ghost (amateur DsFE)
  1778 | D:3      | Found a shadowy altar of Dithmenos.
  2197 | D:4      | Noticed an ogre
  2218 | D:4      | Killed an ogre
  2218 | D:4      | Reached skill level 5 in Unarmed Combat
  2218 | D:4      | Reached XP level 5. HP: 31/34 MP: 5/5
  2534 | D:4      | Noticed a slave
  2538 | D:4      | Noticed a slave
  2558 | D:4      | Killed a slave
  2575 | D:4      | Killed a slave
  2592 | D:4      | Noticed Pikel
  2612 | D:4      | Noticed a slave
  2621 | D:4      | Killed Pikel
  2621 | D:4      | Reached skill level 7 in Unarmed Combat
  2621 | D:4      | Reached XP level 6. HP: 16/41 MP: 6/6
  2621 | D:4      | Reached XP level 7. HP: 18/46 MP: 7/7
  3515 | D:5      | Entered Level 5 of the Dungeon
  3525 | D:5      | Found a staircase to the Ecumenical Temple.
  3594 | D:5      | Reached XP level 8. HP: 42/52 MP: 8/8
  3701 | D:5      | Reached skill level 8 in Unarmed Combat
  4105 | D:5      | Found a radiant altar of Vehumet.
  4106 | D:5      | Found a burning altar of Makhleb.
  4305 | D:6      | Reached *** piety under Trog
  4305 | D:6      | Reached skill level 9 in Unarmed Combat
  4321 | D:6      | Noticed Edmund
  4344 | D:5      | Killed Edmund
  4374 | D:6      | Reached XP level 9. HP: 59/59 MP: 9/9
  4403 | D:6      | Noticed Blork the orc
  4422 | D:6      | Killed Blork the orc
  4447 | D:6      | Found a white marble altar of Elyvilon.
  4458 | D:6      | Found an ornate altar of the Wu Jian Council.
  4459 | D:6      | Found a snail-covered altar of Cheibriados.
  4551 | D:6      | Reached skill level 10 in Unarmed Combat
  4821 | D:6      | Found a shimmering altar of Xom.
  4990 | D:7      | Found a shattered altar of Ashenzari.
  5899 | D:7      | Found a sparkling altar of Nemelex Xobeh.
  6443 | D:8      | Reached skill level 11 in Unarmed Combat
  6831 | D:8      | Found a staircase to the Lair.
  6841 | D:8      | Found a glowing golden altar of the Shining One.
  6857 | D:8      | Noticed a two-headed ogre
  6868 | D:8      | Killed a two-headed ogre
  6868 | D:8      | Reached **** piety under Trog
  6868 | D:8      | Reached XP level 10. HP: 64/66 MP: 10/10
  7220 | D:8      | Reached skill level 12 in Unarmed Combat
  7600 | D:9      | Reached skill level 10 in Fighting
  7721 | D:9      | Found a sacrificial altar of Ru.
  8040 | D:9      | Noticed an eight-headed hydra
  8042 | D:9      | Noticed a two-headed ogre
  8077 | D:8      | Killed a two-headed ogre
  8174 | D:9      | Killed an eight-headed hydra
  8996 | D:9      | Reached XP level 11. HP: 74/76 MP: 11/11
  9126 | D:10     | Entered Level 10 of the Dungeon
 10232 | Lair:1   | Entered Level 1 of the Lair of Beasts
 10234 | Lair:1   | Noticed Maggie
 10393 | D:8      | Reached skill level 13 in Unarmed Combat
 10577 | Lair:1   | Killed Maggie
 10661 | Lair:1   | Found a large runed translucent door.
 10662 | Lair:1   | Found a large runed translucent door.
 10664 | Lair:1   | Noticed Ziuclaem's ghost (journeyman OpAs)
 11022 | D:3      | Killed emiel's ghost
 12594 | Lair:2   | You fall into a shaft and drop 1 floor!
 12839 | Lair:2   | Reached skill level 14 in Unarmed Combat
 12841 | Lair:2   | Reached ***** piety under Trog
 12966 | Lair:2   | Reached XP level 12. HP: 79/84 MP: 12/12
 13093 | Lair:2   | Noticed a seven-headed hydra
 13111 | Lair:2   | Killed a seven-headed hydra
 13516 | Lair:2   | You fall into a shaft and drop 2 floors!
 14249 | Lair:3   | Reached skill level 15 in Unarmed Combat
 14774 | Lair:4   | Noticed a catoblepas
 14792 | Lair:4   | Killed a catoblepas
 14793 | Lair:4   | Found a staircase to the Swamp.
 14961 | Lair:4   | Found a hole to the Spider Nest.
 15541 | Lair:4   | Found a runed translucent door.
 15542 | Lair:4   | Noticed Vygymeh's ghost (journeyman DECj)
 15726 | Lair:1   | Killed Ziuclaem's ghost
 15864 | Lair:4   | Killed Vygymeh's ghost
 16419 | Lair:5   | Reached XP level 13. HP: 91/91 MP: 13/13
 16427 | Lair:5   | Reached skill level 16 in Unarmed Combat
 16687 | Lair:5   | Found a staircase to the Slime Pits.
 17111 | Lair:6   | Entered Level 6 of the Lair of Beasts
 17684 | Lair:6   | Reached skill level 15 in Fighting
 18281 | Lair:6   | Reached skill level 17 in Unarmed Combat
 19836 | D:12     | Gained mutation: Your large and strong wings let you fly
                  | indefinitely. [Gargoyle growth]
 19836 | D:12     | Reached XP level 14. HP: 87/99 MP: 14/14
 19910 | D:12     | Found a roughly hewn altar of Beogh.
 20363 | D:12     | Reached skill level 18 in Unarmed Combat
 20559 | D:12     | Noticed Flugslaktarn's ghost (journeyman DDFi)
 20579 | D:12     | Noticed Azrael
 20661 | D:12     | Killed Azrael
 20824 | D:12     | Found a transporter.
 20858 | D:12     | Found a transporter.
 20872 | D:12     | Received a gift from Trog
 20896 | D:12     | Found a staircase to the Orcish Mines.
 21258 | D:12     | Noticed Urug
 21268 | D:12     | Killed Urug
 21327 | D:12     | Reached ****** piety under Trog
 21708 | Orc:1    | Entered Level 1 of the Orcish Mines
 22114 | Orc:2    | Entered Level 2 of the Orcish Mines
 22214 | Orc:1    | Received a gift from Trog
 23369 | Orc:2    | Found a staircase to the Elven Halls.
 23624 | Orc:2    | Found a runed translucent gate.
 23624 | Orc:2    | Found a runed translucent gate.
 23624 | Orc:2    | Found a runed translucent gate.
 23625 | Orc:2    | Identified the cursed +0 robe of the First Friends {rCorr}
 23625 | Orc:2    | Noticed jt's ghost (journeyman DgFi)
 23627 | Orc:2    | Identified the +2 robe "Buapleh" {rF+ rCorr Str+2 Dex-3}
 23714 | Orc:2    | Found Meq Egyluy's Book Shoppe.
 23714 | Orc:2    | Found Yxtajoej's Antique Weapon Shop.
 23714 | Orc:2    | Found Emuxeal's Distillery.
 23717 | Orc:2    | Found Oddaq's Assorted Antiques.
 23863 | Orc:2    | Found an iron altar of Okawaru.
 23906 | Orc:2    | Bought a potion of haste for 340 gold pieces
 23906 | Orc:2    | Bought a large tourmaline ring for 170 gold pieces
 23906 | Orc:2    | Bought a shimmering tin amulet for 170 gold pieces
 23911 | Orc:2    | Bought a potion of curing for 45 gold pieces
 23911 | Orc:2    | Bought a potion of invisibility for 120 gold pieces
 23911 | Orc:2    | Bought a potion of curing for 45 gold pieces
 23911 | Orc:2    | Bought a potion of curing for 45 gold pieces
 23916 | Orc:2    | Identified the amulet "Ungow" {rPois rF+ Regen+ Str+4} (You
                  | bought it in a shop on level 2 of the Orcish Mines)
 24559 | D:13     | Found a gate to the Vaults.
 24687 | D:13     | Got a bloodstained plate armour
 24698 | D:13     | Identified the +15 plate armour of Fedhas's Approval {+Fly
                  | rN+++ SInv Stlth-} (You found it on level 13 of the
                  | Dungeon)
 25069 | D:12     | Killed Flugslaktarn's ghost
 25069 | D:12     | Reached XP level 15. HP: 85/108 MP: 15/15
 25127 | D:12     | Got a twitching copper ring
 25145 | D:12     | Identified the ring "Eso Nag" {Ice MR- Int+8 Dex+2 Slay-2}
                  | (You found it on level 12 of the Dungeon)
 25272 | Orc:2    | Killed jt's ghost
 25419 | D:14     | Noticed Agnes
 25450 | D:14     | Killed Agnes
 25487 | D:14     | Noticed Roxanne
 25718 | D:14     | Received a gift from Trog
 26087 | D:14     | Reached skill level 19 in Unarmed Combat
 26192 | D:14     | Killed Roxanne
 26324 | D:15     | Entered Level 15 of the Dungeon
 26524 | D:15     | Got a sparkling golden ring
 26526 | D:15     | Identified the ring "Okhanuh" {Wiz MR+ MP+9} (You found it
                  | on level 15 of the Dungeon)
 26608 | D:15     | Found a staircase to the Depths.
 27576 | Swamp:1  | Entered Level 1 of the Swamp
 27756 | Swamp:1  | Reached XP level 16. HP: 108/116 MP: 16/16
 27945 | Swamp:1  | Received a gift from Trog
 28089 | Swamp:1  | Found a runed translucent door.
 28473 | Swamp:1  | Reached skill level 20 in Unarmed Combat
 28683 | Swamp:1  | Identified the +3 buckler of Repulsion {Slay+3}
 29109 | Swamp:2  | Noticed a thorn hunter
 29155 | Swamp:1  | Killed a thorn hunter
 29389 | Swamp:2  | Noticed Nikola
 29400 | Swamp:2  | Killed Nikola
 29408 | Swamp:2  | Noticed Kirke
 29413 | Swamp:2  | Received a gift from Trog
 29424 | Swamp:2  | Killed Kirke
 29443 | Swamp:2  | Slain by an alligator

Levels and vault maps discovered:
D:1:      mrwooster_arrival_arrow, layout_basic, minmay_misc_feat_plants
D:2:      layout_rooms, kiku_gazebo_pond_becter, first_ration,
          corexii_leaking_fountain
D:3:      layout_loops_cross, grunt_dithmenos_smoke, old_standard_altar,
          gammafunk_ghost_necromancy, kennysheep_nub
D:4:      minmay_thinvault, layout_loops_ring, uniq_pikel
D:5:      layout_rooms, grunt_temple_overflow_lords_of_destruction,
          minmay_temple_entry_glassed_door
D:6:      layout_cave_pools, chequers_temple_overflow_statue_of_worship,
          tgw_xom, uniq_blork_the_orc, uniq_edmund
D:7:      layout_basic, overflow_temple_1_default, evilmike_ruin_ashenzari
D:8:      layout_loops_cross, lemuel_doored_altar, lair_entry_dummy, serial_ice,
          serial_ice_c, serial_ice_k, serial_ice_a, serial_ice_f
D:9:      layout_basic, nicolae_ru_sacrificial_ziggurat
D:10:     layout_gridville
D:11:     layout_loops_ring, grunt_pizzeria
D:12:     kennysheep_room_grid, layout_loops_cross, special_room
          [special_room_orc], gammafunk_ghost_berserking_beasts, minivault_5,
          uniq_azrael, uniq_urug
D:13:     layout_basic, david_vaults_4
D:14:     layout_cross, minmay_misc_feat_room, uniq_agnes, uniq_roxanne
D:15:     hangedman_depths_entry_civil_slaughter, layout_cave_pods
Lair:1:   layout_layer_cave, ebering_ghost_disaster_area, serial_bayou_shore_b,
          uniq_maggie
Lair:2:   layout_cave_shapes, beast_lair_carwin_5, lemuel_fruit_fields,
          lemuel_fruit_fields
Lair:3:   layout_small_grid, minivault_19
Lair:4:   layout_roguey, skrybe_swamp_entry_bodies, spider_nest_entry_rubble,
          ebering_ghost_reflecting_pool
Lair:5:   layout_small_grid, slime_dummy, grunt_forest_large_clearing_hut
Lair:6:   grunt_lair_end_beastmaster, layout_gridlike
Swamp:1:  gammafunk_mikee_crab_dinner, layout_falls_marsh, serial_swamp_ruin,
          evilmike_swamp_ruin_house_4, evilmike_swamp_ruin_rubble_2,
          evilmike_swamp_ruin_house_3, swamp_pool1, infiniplex_staircase_pool_2
Swamp:2:  layout_basic_swamp, evilmike_swamp_ruin_house_2, uniq_nikola,
          uniq_kirke
Orc:1:    layout_caves
Orc:2:    st_orc_rangers, layout_caves, gammafunk_ghost_fury_of_okawaru,
          nicolae_orc_flooded_monolith, mines5_lemuel

Skill      XL: |  1  2  3  4  5  6  7  8  9 10 11 12 13 14 15 16 |
---------------+-------------------------------------------------+-----
Unarmed Combat | 4 5 7 9 11 12 14 15 17 18 19 20 | 20.8
Fighting       | 4 6 7 9 12 13 14 15 18 19 | 19.7
Armour         | |  2.1
Dodging        | |  1.5

Action                   |  1- 3 |  4- 6 |  7- 9 | 10-12 | 13-15 | 16-18 || total
-------------------------+-------+-------+-------+-------+-------+-------++-------
Melee: Unarmed           |   143 |   131 |   343 |   685 |  1384 |   295 ||  2981
       Punch             |       |     1 |    11 |    32 |    91 |    30 ||   165
Invok: Berserk           |       |     2 |     1 |     2 |     7 |       ||    12
       Trog's Hand       |       |     1 |     3 |     3 |     5 |     2 ||    14
       Brothers in Arms  |       |       |       |       |     4 |       ||     4
 Abil: Fly               |       |       |       |       |     1 |       ||     1
Evoke: Wand              |       |       |       |       |     4 |       ||     4
  Use: Scroll            |       |       |       |    24 |    10 |     2 ||    36
       Potion            |       |       |       |       |     2 |     3 ||     5
 Stab: Petrified         |       |       |       |     4 |     8 |       ||    12
       Petrifying        |       |       |       |       |     1 |       ||     1
  Eat: Chunk             |     1 |     6 |    16 |    31 |    44 |     6 ||   104
       Ration            |       |       |       |     2 |     1 |       ||     3
Armor: Scale mail        |    78 |    45 |    51 |       |       |       ||   174
       Animal skin       |     4 |       |       |       |       |       ||     4
       Chain mail        |       |       |   136 |   394 |   101 |       ||   631
       Plate armour      |       |       |       |       |  1188 |   351 ||  1539
Dodge: Dodged            |    87 |    51 |    96 |   226 |   561 |    92 ||  1113

Table legend:
 A = Non-vault XP
 B = Vault XP
 C = Vault XP percentage of total XP
 D = Non-vault monster count
 E = Vault monster count
 F = Vault count percentage of total count
                 A         B        C        D         E       F
            +---------+---------+-------+---------+---------+-------
      Total |  107071 |   62009 |  36.7 |     561 |     191 |  25.4
            +---------+---------+-------+---------+---------+-------
        D:1 |      21 |       0 |   0.0 |      13 |       0 |   0.0
        D:2 |      73 |       0 |   0.0 |      24 |       0 |   0.0
        D:3 |      34 |     186 |  84.5 |      12 |       4 |  25.0
        D:4 |     290 |     750 |  72.1 |      10 |       8 |  44.4
        D:5 |     510 |     219 |  30.0 |      14 |       2 |  12.5
        D:6 |     953 |     239 |  20.1 |      17 |       7 |  29.2
        D:7 |     657 |       0 |   0.0 |      17 |       0 |   0.0
        D:8 |    3476 |     403 |  10.4 |      20 |       7 |  25.9
        D:9 |    2607 |       0 |   0.0 |      23 |       0 |   0.0
       D:10 |    2069 |       0 |   0.0 |      25 |       0 |   0.0
       D:11 |    3863 |     211 |   5.2 |      35 |       1 |   2.8
       D:12 |   10791 |   10112 |  48.4 |      58 |      52 |  47.3
       D:13 |    4862 |    1640 |  25.2 |      24 |       3 |  11.1
       D:14 |    8104 |    3614 |  30.8 |      25 |       2 |   7.4
       D:15 |   11141 |    4698 |  29.7 |      28 |       6 |  17.6
     Lair:1 |    2965 |    1322 |  30.8 |      16 |       2 |  11.1
     Lair:2 |    2771 |    1457 |  34.5 |      10 |       6 |  37.5
     Lair:3 |    3134 |       0 |   0.0 |      14 |       0 |   0.0
     Lair:4 |    4453 |    1557 |  25.9 |      13 |       3 |  18.8
     Lair:5 |    4118 |     734 |  15.1 |      18 |       3 |  14.3
     Lair:6 |    7750 |    7686 |  49.8 |      28 |      15 |  34.9
    Swamp:1 |   16336 |    8666 |  34.7 |      41 |      12 |  22.6
    Swamp:2 |   13465 |    6178 |  31.5 |      35 |       5 |  12.5
      Orc:1 |    2584 |    3846 |  59.8 |      39 |      34 |  46.6
      Orc:2 |      44 |    8491 |  99.5 |       2 |      19 |  90.5
            +---------+---------+-------+---------+---------+-------
